 Dungeon Crawl Stone Soup version 0.22-a0-3-g4fa69d9 (webtiles) character file.

92 Firecrotchwizard the Skirmisher (level 4, 0/29 HPs)
             Began as a Gargoyle Fighter on Jan 2, 2018.
             Killed from afar by a white imp (12 damage)
             ... with a puff of frost
             ... summoned by Natasha
             ... on level 2 of the Dungeon.
             The game lasted 00:02:34 (1591 turns).

Firecrotchwizard the Skirmisher (Gargoyle Fighter)  Turns: 1591, Time: 00:02:35

Health: 0/29       AC:  0    Str: 20    XL:     4   Next: 60%
Magic:  4/4        EV: 17    Int:  8    God:
Gold:   135        SH:  0    Dex: 15    Spells: 3/3 levels left

rFire    . . .     SeeInvis .   (weapon currently unavailable)
rCold    . . .     Gourm    .   (shield currently unavailable)
rNeg     + . .     Faith    .   (armour currently unavailable)
rPois    ∞         Spirit   .   (helmet currently unavailable)
rElec    .         Reflect  .   (cloak currently unavailable)
rCorr    .         Harm     .   (gloves currently unavailable)
MR       .....                  (boots currently unavailable)
Stlth    +.........             (no amulet)
HPRegen  0.09/turn              (ring currently unavailable)
MPRegen  0.09/turn              (ring currently unavailable)

@: bat-form (expiring), flying, slowed, quick
A: tiny, negative energy resistance 1, petrification resistance, rot immunity,
AC +3
a: no special abilities


You were on level 2 of the Dungeon.
You were not hungry.
You were in bat-form.
You visited 1 branch of the dungeon, and saw 2 of its levels.

You collected 135 gold pieces.

Inventory:

Hand Weapons
 a - a +0 flail
 g - a +3 whip of pain (melded)
   (You found it on level 1 of the Dungeon)
Armour
 b - a +0 scale mail (melded)
 c - a +0 shield (melded)
Scrolls
 e - a scroll of fear {unknown}
 h - 2 scrolls of identify {unknown}
 k - a scroll of noise {unknown}
 p - 4 scrolls of teleportation {unknown}
 q - 2 scrolls of blinking {unknown}
Potions
 d - a potion of might
 i - a potion of heal wounds {unknown}
 j - a potion of ambrosia {unknown}
 l - a potion of degeneration {unknown}
 m - a potion of curing {unknown}
 n - a potion of brilliance {unknown}
 o - 2 potions of lignification {unknown}
 s - a potion of berserk rage {unknown}
Books
 t - a book of Changes
   (You found it on level 2 of the Dungeon)
Comestibles
 f - 7 rations {@e1}
 r - 3 chunks of flesh {@w0}


   Skills:
 + Level 3.9 Fighting
 * Level 3.2 Maces & Flails
 + Level 3.9 Armour
 + Level 3.9 Shields


You had 3 spell levels left.
You didn't know any spells.

Dungeon Overview and Level Annotations

Branches:
Dungeon (2/15)

Altars:
Ru
Trog
Wu Jian

Annotations:
D:2 2 transporters, Natasha


Innate Abilities, Weirdness & Mutations

You are resistant to torment.
((Your stone body is resilient. (AC +3)))
You are immune to poison.
You resist negative energy. (rN+)
((You are resistant to electric shocks. (rElec)))
((You can survive without breathing.))
You are immune to petrification.
You are immune to rotting.


Message History

Found a stone staircase leading up.
A worm comes into view.
A worm is nearby!
You hit the worm. You hit the worm. The worm barely misses you.
You whack the worm!
Your shield and scale mail prevent you from hitting the worm.
The worm bites you.
You take 5 damage, and have 24/29 hp.
You hit the worm. You block the worm's attack.
You whack the worm!
You kill the worm!
No target in view!
You butcher the worm corpse.
r - 3 chunks of flesh {@w0} (gained 2)
q - 2 scrolls labeled CEUMEI IGYENO (gained 1) As you open the door, it creaks loudly!
There is an open door here.
A bat comes into view.
The bat hits you.
You regained 4 hp, and now have 28/29 hp.
A bat is nearby!
You miss the bat. The bat barely misses you.
You hit the bat. You block the bat's attack.
You hit the bat.
You kill the bat!
Found a stone staircase leading up.
Health restored: 29 No target in view!
Natasha, Servant of Life and Death comes into view.
Natasha hisses angrily.
You hit Natasha. You block Natasha's attack.
You whack Natasha!
Natasha zaps a wand.
You turn into a bat.
Your +3 whip of pain melds into your body.
Your +0 shield melds into your body.
Your +0 scale mail melds into your body.
It is a wand of polymorph (17).
You barely miss Natasha.
Natasha wildly gestures.
You feel troubled.
Natasha stares at you and mumbles some strange words.
You feel yourself slow down.
You hit Natasha but do no damage. Natasha misses you. Natasha claws you.
You take 2 damage, and have 27/29 hp.
You barely miss Natasha. Natasha completely misses you.
You hit Natasha.
Natasha mumbles some strange words.
Natasha shimmers violently.
Natasha barely misses you.
You barely miss Natasha.
Natasha stares at you and mumbles some strange words.
You feel as though you will be slow longer.
Natasha barely misses you.
You hit Natasha but do no damage.
Natasha zaps a wand.
You resist with some effort.
You hit Natasha.
Natasha wildly gestures.
Natasha glows brightly for a moment.
Natasha claws you.
Natasha zaps a wand.
You resist with some effort.
You take 3 damage, and have 25/29 hp.
You closely miss Natasha. Natasha barely misses you.
You hit Natasha but do no damage. Natasha barely misses you.
You hit Natasha but do no damage. Natasha casts a spell at you.
You feel as though you will be slow longer.
Natasha misses you.
You hit Natasha but do no damage.
Natasha mumbles some strange words.
You hit Natasha but do no damage.
Natasha mumbles some strange words.
You feel disoriented. Natasha closely misses you.
Natasha mumbles some strange words.
You hit Natasha. The white imp gestures at you. The puff of frost misses you.
Natasha mumbles some strange words.
Natasha glows brightly for a moment.
Natasha mumbles some strange words.
The crimson imp blinks!
You closely miss Natasha. The white imp completely misses you.
Natasha claws you. The white imp gestures at you. The puff of frost hits you!
You take 14 damage, and have 12/29 hp.
MASSIVE DAMAGE!!
The white imp closely misses you.
Natasha zaps a wand.
You resist with some effort.
Your transformation is almost over.
The white imp gestures at you. The puff of frost misses you.
The white imp gestures at you. The puff of frost hits you!
You die...

#.#......# #.# #######
#.#.####.######'#### #
......###.#.# #.##........# #
.......##.#.# #.##.#......# #
..........#.# #.##.#......# ####
####......#.####....#....#####...
..........#.##......'............
.##.##....#+##....###............
##...#'#.....#..b.#.#...........#
...#..........55#.#.#.###.......#
##...#........h.#.#.#.# #.......#
##.##..........#..<#.###........
#.##'#.....########............
#.#..#.........................
#.#............................
##.##...>.)..............###.##.
##...#......##.#######..#####.##.


You could see Natasha and 2 white imps.

Vanquished Creatures
  Natasha (D:2)
  2 adders (D:2)
  3 worms (D:2)
  2 dart slugs
  2 leopard geckos
  2 giant cockroaches
  5 goblins
  3 jackals (D:2)
  2 ball pythons (D:2)
  7 bats
  5 rats
34 creatures vanquished.

Notes
Turn   | Place    | Note
-------+----------+-------------------------------------------
     0 | D:1      | Firecrotchwizard the Gargoyle Fighter began the quest for the Orb.
     0 | D:1      | Reached XP level 1. HP: 14/14 MP: 1/1
    46 | D:1      | Reached XP level 2. HP: 11/19 MP: 2/2
   605 | D:2      | Found a bloodstained altar of Trog.
   738 | D:2      | Reached XP level 3. HP: 21/23 MP: 3/3
   746 | D:2      | Noticed Natasha
   756 | D:2      | Killed Natasha
   756 | D:2      | Reached skill level 3 in Maces & Flails
   756 | D:2      | Reached XP level 4. HP: 12/29 MP: 4/4
  1192 | D:2      | Found an ornate altar of the Wu Jian Council.
  1197 | D:2      | Found a transporter.
  1275 | D:2      | Found a transporter.
  1311 | D:2      | Found a sacrificial altar of Ru.
  1568 | D:2      | Noticed Natasha
  1591 | D:2      | Killed from afar by a white imp

Vault maps used:
D:1:      mushboom_english_gardens, hangedman_abyss_or_decor_stabs,
          corexii_hall_statues_s, nrook_uturn
D:2:      gammafunk_temple_overflow_arena, old_standard_altar,
          minmay_misc_feat_tower, nicolae_ru_path_of_blood, uniq_natasha

Skill      XL: |  1  2  3 |
---------------+----------+-----
Maces & Flails | 3 |  3.2
Fighting       | |  3.9
Armour         | |  3.9
Shields        | |  3.9

Action                   |  1- 3 |  4- 6 || total
-------------------------+-------+-------++-------
Melee: Flail             |    42 |       ||    42
       Whip              |    38 |    42 ||    80
       Unarmed           |       |    14 ||    14
  Eat: Chunk             |       |     2 ||     2
Armor: Scale mail        |    48 |    14 ||    62
Dodge: Dodged            |    31 |    24 ||    55
Block: Shield            |    46 |    13 ||    59

Table legend:
 A = Spawn XP
 B = Non-spawn XP
 C = Spawn XP percentage of total XP
 D = Spawn monster count
 E = Non-spawn monster count
 F = Spawn count percentage of total count
 G = Total turns spent on level
                    A         B        C        D         E        F      G
               +---------+---------+-------+---------+---------+-------+---------
         Total |       0 |     132 |   0.0 |       0 |      34 |   0.0 |  1591
               +---------+---------+-------+---------+---------+-------+---------
           D:1 |       0 |      18 |   0.0 |       0 |      10 |   0.0 |   592
           D:2 |       0 |     114 |   0.0 |       0 |      24 |   0.0 |   999
               +---------+---------+-------+---------+---------+-------+---------

Vault maps used:
D:1:      mushboom_english_gardens, hangedman_abyss_or_decor_stabs,
          corexii_hall_statues_s, nrook_uturn
D:2:      gammafunk_temple_overflow_arena, old_standard_altar,
          minmay_misc_feat_tower, nicolae_ru_path_of_blood, uniq_natasha

Table legend:
 A = Turns spent in this place as a percentage of turns spent in the entire game.
 B = Non-inter-level travel turns spent in this place as a percentage of non-inter-level travel turns spent in the entire game.
 C = Inter-level travel turns spent in this place as a percentage of turns spent in this place.
 D = Turns resting spent in this place as a percentage of non-inter-level travel turns spent in this place.
 E = Turns spent auto-exploring this place as a percentage of non-inter-level travel turns spent in this place.
 F = Non-inter-level travel turns spent in this place divided by the number of levels of this place that you've seen.
                   A       B       C       D       E      F
               +-------+-------+-------+-------+-------+----------------------
         Total | 100.0 | 100.0 |   2.5 |  25.3 |  55.8 | 776.0
       Dungeon | 100.0 | 100.0 |   2.5 |  25.3 |  55.8 | 776.0
               +-------+-------+-------+-------+-------+----------------------

Table legend:
 A = Kills in this place as a percentage of kills in entire the game.
 B = Kills by you in this place as a percentage of kills by you in the entire game.
 C = Kills by friends in this place as a percentage of kills by friends in the entire game.
 D = Other kills in this place as a percentage of other kills in the entire game.
 E = Experience gained in this place as a percentage of experience gained in the entire game.
 F = Experience gained in this place divided by the number of levels of this place that you have seen.
                   A       B       C       D       E      F
               +-------+-------+-------+-------+-------+----------------------
         Total | 100.0 | 100.0 |   N/A |   N/A | 100.0 |  66.0
       Dungeon | 100.0 | 100.0 |   N/A |   N/A | 100.0 |  66.0
               +-------+-------+-------+-------+-------+----------------------
